Map: Invader LE

Players

Fropez - Winner!

  • Race: Protoss Protoss
  • League: Silver
  • Spawn Location: 1:00

DOWORK

  • Race: Terran Terran
  • League: Silver
  • Spawn Location: 11:00

VOD

Have the link to the VOD?

Description

Time

  • Played on: April 18, 2016, 5:44 p.m.
  • Length: 17:37
Show
View Real Time Build Order
Export as new Build Order

Fropez Protoss - Winner!

Build Orders:  

Get SALT Encoding   

  12  0:20  Pylon  
  12  0:32  Pylon  
  12  0:36  Probe (Chrono Boost)  
  13  0:48  Gateway  
  13  0:52  Probe (Chrono Boost)  
  14  1:00  Pylon  
  14  1:03  Probe (Chrono Boost)  
  15  1:05  Assimilator  
  15  1:13  Probe (Chrono Boost)  
  16  1:24  Probe (Chrono Boost)  
  17  1:34  Probe (Chrono Boost)  
  17  1:36  Gateway  
  17  1:39  Zealot  
  20  1:45  Probe (Chrono Boost)  
  21  1:52  Cybernetics Core  
  21  2:04  Pylon  
  21  2:06  Probe (Chrono Boost)  
  22  2:14  Assimilator  
  22  2:17  Probe (Chrono Boost)  
  23  2:24  Pylon  
  23  2:27  Probe (Chrono Boost)  
  23  2:29  Warp Gate (Chrono Boost)  
  24  2:35  Stalker  
  26  2:45  Pylon  
  26  2:52  Probe (Chrono Boost)  
  27  3:01  Stalker  
  29  3:05  Stalker  
  29  3:08  Probe  
  32  3:20  Probe  
  33  3:32  Mothership Core  
  35  3:35  Forge  
  35  3:39  Pylon  
  35  3:50  Stalker  
  35  3:53  Probe  
  38  3:56  Stalker  
  40  4:05  Probe  
  41  4:17  Probe  
  41  4:21  Photon Cannon  
  41  4:23  Protoss Ground Weapons Level 1 (Chrono Boost)  
  42  4:30  Probe  
  43  4:42  Pylon, Probe  
  44  4:54  Probe  
  44  4:57  Nexus  
  45  5:02  Pylon  
  45  5:06  Probe  
  46  5:18  Probe  
  47  5:25  Stargate  
  47  5:30  Probe  
  48  5:41  Cybernetics Core  
  48  5:42  Probe  
  49  5:47  Assimilator, Stargate  
  49  5:49  Assimilator, Protoss Air Weapons Level 1  
  49  5:54  Probe  
  50  6:05  Protoss Shields Level 1 (Chrono Boost)  
  50  6:15  Probe  
  51  6:19  Protoss Air Armor Level 1  
  51  6:21  Phoenix  
  53  6:41  Probe  
  53  6:42  Probe  
  53  6:44  Phoenix  
  57  6:51  Phoenix  
  57  6:54  Probe  
  60  7:09  Phoenix  
  62  7:16  Phoenix  
  62  7:17  Stalker  
  62  7:18  Zealot  
  68  7:51  Phoenix  
  68  7:53  Phoenix  
  72  7:58  Pylon  
  72  7:59  Fleet Beacon  
  72  8:01  Probe  
  72  8:02  Probe  
  72  8:04  Twilight Council  
  74  8:08  Pylon  
  74  8:25  Pylon  
  74  8:27  Nexus  
  74  8:30  Assimilator  
  74  8:32  Pylon, Stalker x2  
  74  8:33  Probe x2  
  79  8:35  Pylon  
  79  8:38  Gateway  
  80  8:43  Probe  
  80  8:45  Probe  
  82  8:52  Tempest (Chrono Boost)  
  86  9:04  Tempest (Chrono Boost)  
  90  9:21  Photon Cannon  
  90  9:24  Probe  
  90  9:27  Assimilator  
  90  9:28  Probe  
  92  9:36  Tempest (Chrono Boost)  
  96  9:44  Protoss Shields Level 2  
  96  9:50  Protoss Air Weapons Level 2  
  96  10:00  Protoss Air Armor Level 2  
  96  10:02  Probe  
  96  10:05  Probe  
  98  10:18  Tempest (Chrono Boost)  
  102  10:22  Zealot x2  
  106  10:40  Probe  
  106  10:42  Nexus, Probe  
  108  10:49  Pylon, Probe  
  108  10:53  Probe  
  110  11:00  Probe  
  110  11:03  Tempest (Chrono Boost)  
  115  11:10  Charge  
  115  11:13  Probe  
  115  11:15  Probe  
  117  11:22  Zealot  
  117  11:23  Zealot  
  121  11:46  Probe  
  122  11:48  Probe x2  
  122  11:53  Probe  
  124  11:59  Probe  
  126  12:07  Probe  
  127  12:09  Protoss Shields Level 3  
  127  12:12  Protoss Air Weapons Level 3  
  127  12:14  Gateway  
  127  12:20  Gateway  
  127  12:21  Gateway  
  133  12:23  Carrier (Chrono Boost)  
  133  12:25  Photon Cannon  
  139  12:31  Carrier (Chrono Boost), Assimilator  
  139  12:32  Assimilator  
  139  12:34  Pylon  
  139  12:39  Pylon, Probe  
  139  12:44  Pylon  
  140  12:50  Zealot x3  
  146  13:09  Probe  
  146  13:10  Probe x2  
  146  13:11  Probe  
  144  13:37  Carrier (Chrono Boost)  
  144  13:41  Zealot x5  
  154  13:42  Zealot  
  154  13:45  Carrier (Chrono Boost)  
  154  13:46  Protoss Air Armor Level 3  
  162  14:24  Zealot x3  
  162  14:25  Zealot x3  
  174  14:34  Pylon  
  174  14:37  Pylon x2  
  174  14:46  Probe x2, Protoss Ground Weapons Level 2 (Chrono Boost)  
  174  14:48  Pylon, Gateway  
  174  14:50  Pylon  
  174  14:51  Carrier (Chrono Boost)  
  182  15:00  Nexus  
  182  15:03  Assimilator  
  182  15:05  Assimilator  
  178  15:09  Pylon  
  178  15:10  Pylon  
  170  15:19  Carrier  
  176  15:25  Zealot x6  
  176  16:06  Stalker x5  
  176  16:07  Stalker  
  188  16:12  Phoenix  
  186  16:30  Pylon  
  182  16:36  Photon Cannon  
  182  16:37  Phoenix, Photon Cannon x3  
  180  16:45  Phoenix  
  186  16:47  Photon Cannon  
Show
View Real Time Build Order
Export as new Build Order

DOWORK Terran 

Build Orders: 1/1/1, Liberator Opening 

Get SALT Encoding   

  12  0:11  Supply Depot  
  12  0:13  SCV  
  13  0:22  Refinery  
  13  0:38  Barracks  
  13  0:40  SCV  
  14  0:50  Refinery  
  14  0:54  SCV  
  15  1:06  SCV  
  16  1:27  SCV, Factory  
  17  1:39  Bunker  
  17  1:40  Marine  
  17  1:46  SCV  
  19  1:59  Supply Depot  
  19  2:04  SCV  
  20  2:27  Starport  
  20  2:30  SCV  
  20  2:34  Marine  
  22  2:46  Engineering Bay  
  22  2:48  SCV  
  23  2:53  Widow Mine  
  25  2:59  Marine  
  25  3:01  SCV  
  25  3:05  Starport Reactor  
  27  3:15  Supply Depot  
  27  3:30  Liberator x2  
  27  3:34  Factory Tech Lab  
  27  3:46  Missile Turret  
  33  3:55  Orbital Command  
  33  4:01  Widow Mine  
  35  4:13  Liberator  
  35  4:14  Supply Depot  
  35  4:19  Fusion Core  
  38  5:04  Command Center  
  38  5:14  SCV  
  38  5:19  Starport  
  39  5:21  Widow Mine  
  41  5:31  Viking  
  41  5:35  SCV  
  44  5:48  SCV, Supply Depot  
  45  5:58  Armory  
  45  6:07  Viking  
  45  6:10  SCV  
  48  6:21  Viking  
  48  6:24  SCV  
  51  6:29  Starport Tech Lab  
  51  6:31  SCV  
  52  6:36  SCV  
  53  6:45  Terran Vehicle And Ship Armor Level 1  
  53  6:47  Viking  
  53  6:50  SCV  
  53  6:53  SCV  
  57  7:02  SCV  
  57  7:05  SCV  
  65  7:15  Battlecruiser  
  65  7:18  SCV  
  65  7:20  SCV  
  67  7:24  Supply Depot  
  65  7:37  Viking  
  69  7:45  Widow Mine  
  69  7:46  Starport  
  71  7:52  Supply Depot, Sensor Tower  
  71  7:53  SCV  
  72  7:58  Refinery  
  72  8:00  Refinery  
  72  8:10  Drilling Claws  
  71  8:46  Starport Tech Lab  
  71  9:00  Battlecruiser  
  77  9:10  SCV  
  78  9:20  Command Center  
  78  9:22  Refinery  
  78  9:23  SCV  
  79  9:28  SCV  
  79  9:29  Refinery  
  80  9:33  Battlecruiser  
  80  9:35  SCV  
  80  9:36  Widow Mine  
  89  9:40  SCV  
  89  9:43  Viking  
  92  9:47  SCV  
  92  9:49  Supply Depot  
  92  9:52  SCV  
  94  9:53  Terran Ship Weapons Level 1  
  94  10:10  SCV  
  95  10:20  Battlecruiser  
  101  10:34  SCV  
  102  10:38  SCV  
  103  10:46  SCV  
  103  10:47  Battlecruiser  
  110  10:51  SCV  
  110  10:54  Supply Depot  
  111  10:58  SCV  
  111  11:03  SCV  
  113  11:04  Starport  
  113  11:08  Viking  
  113  11:10  SCV  
  116  11:15  Viking  
  116  11:17  Orbital Command  
  118  11:22  SCV  
  119  11:34  SCV  
  120  11:47  SCV  
  121  11:56  Starport Tech Lab  
  121  11:59  Battlecruiser  
  127  12:08  Command Center  
  127  12:10  Battlecruiser  
  127  12:14  Sensor Tower  
  133  12:21  Viking x2  
  137  12:24  Supply Depot  
  137  12:32  Widow Mine  
  139  12:41  Battlecruiser  
  139  12:42  Orbital Command  
  145  12:51  Viking x2  
  149  12:55  Terran Vehicle And Ship Armor Level 2  
  149  13:01  Supply Depot  
  149  13:08  Armory  
  148  13:35  SCV  
  149  13:46  Refinery  
  149  13:47  SCV  
  150  13:50  Battlecruiser  
  150  13:52  Battlecruiser  
  159  13:59  SCV  
  148  15:04  Battlecruiser  
  148  15:05  Battlecruiser  
  146  16:18  Battlecruiser  
  130  16:40  Marine  
  131  16:58  Marine  
  88  17:16  Marine  
  88  17:21  Command Center  
  45  17:34  Command Center  
Tags
 
Add a new tag
Caveats
  • Supply blocks, unpowered buildings, or Contaminate may cause inaccurate times.
  • Supply counts are checked every 10 seconds.